 Dungeon Sprint DCSS version 0.21-a0-104-g7b58145 (webtiles) character file.

4293 Kidiri the Unseen (level 10, 0/50 (53) HPs)
             Began as a Spriggan Enchanter on July 6, 2017.
             Was a Believer of Dithmenos.
             Slain by a deep troll (16 damage)
             ... in the Dungeon (Sprint II: "The Violet Keep of Menkaure").
             The game lasted 00:10:56 (1704 turns).

Kidiri the Unseen (Spriggan Enchanter)              Turns: 1704, Time: 00:10:57

HP:   0/50 (53)     AC:  2    Str:  4    XL:     10   Next: 11%
MP:   24/26         EV: 32    Int: 23    God:    Dithmenos [**....]
Gold: 310           SH: 11    Dex: 23    Spells: 20/32 levels left

rFire    . . .     SeeInvis +   y - +4 dagger
rCold    . . .     Gourm    .   l - +0 buckler
rNeg     . . .     Faith    .   b - +0 robe
rPois    .         Spirit   .   (helmet restricted)
rElec    .         Reflect  +   (no cloak)
rCorr    .         Harm     .   (gloves unavailable)
MR       +....     NoTele   +   (boots unavailable)
Stlth    ++++......             f - +3 amulet of reflection
HPRegen  0.16/turn              i - +4 ring of dexterity
MPRegen  0.20/turn              k - +5 ring of intelligence

@: wreathed by umbra, slow
A: unfitting armour, see invisible, herbivore 3, speed 3, slow metabolism 2
a: Shadow Step, Renounce Religion


You were in the Dungeon.
You worshipped Dithmenos.
Dithmenos was pleased with you.
You were not hungry.

You visited 1 branch You collected 1195 gold pieces.
You spent 885 gold pieces at shops.

Inventory:

Hand Weapons
 y - a +4 dagger (weapon)
Armour
 b - a +0 robe (worn)
 l - a +0 buckler (worn)
Jewellery
 f - a +3 amulet of reflection (around neck)
 i - a +4 ring of dexterity (left hand)
 k - a +5 ring of intelligence (right hand)
Scrolls
 j - a scroll of blinking
 n - a scroll of remove curse
Potions
 e - 2 potions of curing
 g - a potion of haste
 h - 5 potions of magic
 p - 2 potions of ambrosia
 r - 3 potions of flight {unknown}
 s - 2 potions of lignification
 u - 3 potions of resistance {unknown}
 w - 2 potions of brilliance {unknown}
 x - a potion of agility
Books
 c - a book of Maledictions

   Spells                             Type                      Level
   a - Corona                         Hexes                        1
   b - Ensorcelled Hibernation        Hexes/Ice                    2
   c - Confuse                        Hexes                        3
   d - Tukima's Dance                 Hexes                        3
   e - Dazzling Spray                 Conjuration/Hexes            3
Comestibles
 d - 2 bread rations
 t - 3 fruits


   Skills:
 + Level 5.7 Fighting
 * Level 10.9 Short Blades
 + Level 5.3 Armour
 * Level 13.9 Dodging
 * Level 15.1 Stealth
 + Level 3.4 Shields
 * Level 11.9 Spellcasting
 + Level 9.1 Hexes
 + Level 3.8 Invocations


You had 20 spell levels left.
You knew the following spells:

 Your Spells              Type           Power        Failure   Level  Hunger
a - Corona                Hex            ######.      1%          1    None
b - Ensorcelled Hibernat  Hex/Ice        ####..       1%          2    None
c - Confuse               Hex            ######..     1%          3    None
d - Tukima's Dance        Hex            ######..     1%          3    None
e - Dazzling Spray        Conj/Hex       ####..       2%          3    None


Dungeon Overview and Level Annotations

Branches:
Dungeon (1/1)

Altars:
Cheibriados
Dithmenos
Elyvilon
Fedhas
Gozag
Hepliaklqana
Kikubaaqudgha
Makhleb
Nemelex Xobeh
Okawaru
Qazlal
Ru
Sif Muna
Trog
Uskayaw
Vehumet
Wu Jian
Xom
Yredelemnul
Zin
The Shining One
Beogh
Jiyva
Lugonu

Shops:
D }:%[(}!:[?[!=*=[

Annotations:
D exclusions: oklob plant and swamp drake, Roxanne


Innate Abilities, Weirdness & Mutations

You are very small and have problems with some larger weapons.
You are too small for most types of armour.
You have supernaturally acute eyesight. (SInv)
You are a herbivore.
You cover ground extremely quickly.
You need consume almost no food.


Message History

Press: ? - help, Shift-Dir - straight line, f - deep troll
Aim: a deep troll (umbra, chance to defeat MR: 45%)
The deep troll resists with some effort.
The deep troll completely misses you. x2; The deep troll claws you!
Casting: Ensorcelled Hibernation
Confirm with . or Enter, or press ? or * to list all spells.
Aiming: Ensorcelled Hibernation
Press: ? - help, Shift-Dir - straight line, f/p - deep troll
Aim: a deep troll (grey smoke, umbra, chance to defeat MR: 45%)
The deep troll resists with some effort.
The deep troll bites you! The deep troll claws you!!
* * * LOW HITPOINT WARNING * * *
The deep troll completely misses you.
Unknown command.
You enter the shallow water.
Moving in this stuff is going to be slow.
The deep troll completely misses you. The deep troll barely misses you.
You block the deep troll's attack. The deep troll bites you!
You die...

#+##..# #. k#[|▓[)(..(..▓▓
#.###.#### +.##.#="▓)...(...▓▓
.#..# ...# ...####▓......[.▓▓
.#.####..## #..##.#▓([(((..(▓▓
#+###.##..# +..#..#▓[%[)(..)▓▓
#.##...#..# #..#.)#▓).....(.▓▓
.<.+###+..####..##÷#▓).).().(▓▓
#.##...#...§###...##▓▓▓▓▓▓▓+▓▓▓▓+
#+###.##....§.≈≈@TT≈≈≈≈≈≈≈≈...≈≈≈
...####≈≈.....≈#+########§###.≈≈≈
.#..#≈≈≈≈≈≈≈..≈#_._.....#§§≈##≈≈≈
.#.##≈≈≈≈≈≈≈≈.≈#._._....#§≈§§####
#+##≈§≈≈§§≈≈≈≈≈#_._._...#≈§§≈§##$
≈≈≈≈≈≈§≈≈≈≈≈≈≈≈#._._._..#≈≈§§≈§#$
+#+++#§§≈§≈≈≈≈≈#_._._._.#≈≈§†≈≈'$
§§.§ # ≈§###≈≈#._._._._#≈§§≈≈≈#$
≈≈§≈.§ #§§#.._._._.#§§§≈§§▓


You could see 2 deep trolls.

Vanquished Creatures
  A kraken (D)
  A yaktaur (D)
  3 polar bears (D)
  2 tyrant leeches (D)
  A hornet (D)
  2 hippogriffs (D)
  Menkaure (D)
  4 necrophages (D)
  3 crocodiles (D)
  4 worker ants (D)
  A hell rat (D)
23 creatures vanquished.

Vanquished Creatures (others)
  A crocodile (D)
  32 tentacles (D)
33 creatures vanquished.

Grand Total: 56 creatures vanquished

Notes
Turn   | Place    | Note
-------+----------+-------------------------------------------
     0 | D        | Kidiri the Spriggan Enchanter began the quest for the Orb.
     0 | D        | Reached XP level 1. HP: 9/9 MP: 5/5
     1 | D        | Noticed a necrophage
     1 | D        | Noticed a necrophage
     1 | D        | Noticed a necrophage
     1 | D        | Noticed a necrophage
     4 | D        | Noticed a tyrant leech
     4 | D        | Noticed a tyrant leech
     7 | D        | Noticed a worker ant
     7 | D        | Noticed a worker ant
     7 | D        | Noticed a worker ant
     7 | D        | Noticed a worker ant
    10 | D        | Noticed a hippogriff
    10 | D        | Noticed a hippogriff
    24 | D        | Killed a necrophage
    24 | D        | Reached skill level 1 in Fighting
    24 | D        | Reached skill level 1 in Armour
    24 | D        | Reached skill level 5 in Dodging
    24 | D        | Reached skill level 7 in Stealth
    24 | D        | Reached skill level 5 in Spellcasting
    24 | D        | Reached XP level 2. HP: 9/14 MP: 6/9
    24 | D        | Reached XP level 3. HP: 11/17 MP: 6/10
    24 | D        | Reached XP level 4. HP: 15/22 MP: 7/12
    29 | D        | Killed a necrophage
    29 | D        | Reached skill level 5 in Short Blades
    29 | D        | Reached skill level 8 in Stealth
    29 | D        | Reached skill level 5 in Hexes
    29 | D        | Reached XP level 5. HP: 13/24 MP: 7/14
    35 | D        | Killed a necrophage
    35 | D        | Reached skill level 9 in Stealth
    78 | D        | Killed a necrophage
    78 | D        | Reached XP level 6. HP: 17/29 MP: 12/17
    82 | D        | Learned a level 2 spell: Ensorcelled Hibernation
    86 | D        | Learned a level 3 spell: Confuse
    90 | D        | Learned a level 3 spell: Tukima's Dance
    94 | D        | Learned a level 3 spell: Dazzling Spray
   269 | D        | Reached skill level 10 in Stealth
   505 | D        | Noticed an obsidian statue
   507 | D        | Noticed Menkaure
   509 | D        | Killed Menkaure
   509 | D        | Reached XP level 7. HP: 33/33 MP: 17/19
   525 | D        | Killed a hippogriff
   525 | D        | Reached skill level 10 in Dodging
   525 | D        | Reached skill level 11 in Stealth
   532 | D        | Killed a hippogriff
   532 | D        | Reached skill level 12 in Stealth
   562 | D        | Found Ythenukk's Antique Armour Emporium.
   562 | D        | Found Jeoz Piyfy's Jewellery Shoppe.
   562 | D        | Found Faep's Jewellery Shoppe.
   562 | D        | Found Foskyrhi's Distillery.
   563 | D        | Found Haler's Assorted Antiques.
   563 | D        | Found Feanoum's Magic Scroll Shoppe.
   563 | D        | Found Ogaotteu's Antique Armour Emporium.
   563 | D        | Found Yciwk's Book Shoppe.
   733 | D        | Noticed Roxanne
   747 | D        | Found Agrob's Antique Armour Emporium.
   750 | D        | Found Fuucvythy's Distillery.
   750 | D        | Found Zukiro's Gadget Shoppe.
   750 | D        | Found Adisoova's Antique Weapon Shoppe.
   753 | D        | Found Jacep's Antique Armour Shoppe.
   753 | D        | Found Joluk's Food Emporium.
   753 | D        | Noticed a hell hog
   753 | D        | Noticed a hell hog
   753 | D        | Noticed an oklob plant
   754 | D        | Found Fyiv's Gadget Shoppe.
   754 | D        | Found Heyfiul's Book Shoppe.
   755 | D        | Noticed a polar bear
   756 | D        | Noticed a polar bear
   760 | D        | Noticed a fire dragon
   835 | D        | Bought a cursed +3 amulet of reflection for 127 gold pieces
   835 | D        | Bought a +4 ring of dexterity for 270 gold pieces
   837 | D        | Bought a +5 ring of intelligence for 412 gold pieces
   845 | D        | Bought a buckler for 76 gold pieces
   869 | D        | Killed a tyrant leech
   869 | D        | Reached XP level 8. HP: 39/39 MP: 16/22
  1261 | D        | Killed a tyrant leech
  1261 | D        | Reached skill level 1 in Shields
  1279 | D        | Found an iron altar of Okawaru.
  1279 | D        | Found a radiant altar of Vehumet.
  1279 | D        | Found a glowing silver altar of Zin.
  1280 | D        | Found a sparkling altar of Nemelex Xobeh.
  1280 | D        | Found a hide-covered altar of Uskayaw.
  1281 | D        | Found an opulent altar of Gozag.
  1281 | D        | Found a burning altar of Makhleb.
  1281 | D        | Found a bloodstained altar of Trog.
  1282 | D        | Found a blossoming altar of Fedhas.
  1282 | D        | Found a corrupted altar of Lugonu.
  1282 | D        | Found a basalt altar of Yredelemnul.
  1282 | D        | Found a deep blue altar of Sif Muna.
  1283 | D        | Found a white marble altar of Elyvilon.
  1283 | D        | Found an ancient bone altar of Kikubaaqudgha.
  1284 | D        | Found a shadowy altar of Dithmenos.
  1284 | D        | Found a viscous altar of Jiyva.
  1285 | D        | Found a snail-covered altar of Cheibriados.
  1287 | D        | Found a roughly hewn altar of Beogh.
  1287 | D        | Found a shimmering altar of Xom.
  1287 | D        | Found a sacrificial altar of Ru.
  1287 | D        | Found a hazy altar of Hepliaklqana.
  1287 | D        | Noticed a hornet
  1287 | D        | Noticed a polar bear
  1288 | D        | Found a glowing golden altar of the Shining One.
  1288 | D        | Found an ornate altar of the Wu Jian Council.
  1288 | D        | Found a stormy altar of Qazlal.
  1288 | D        | Noticed a yaktaur
  1293 | D        | Became a worshipper of Dithmenos the Shadowed
  1304 | D        | Noticed a polar bear
  1304 | D        | Noticed a polar bear
  1305 | D        | Killed a polar bear
  1305 | D        | Reached skill level 13 in Stealth
  1305 | D        | Reached skill level 10 in Spellcasting
  1305 | D        | Reached skill level 1 in Invocations
  1314 | D        | Killed a polar bear
  1319 | D        | Killed a polar bear
  1319 | D        | Reached * piety under Dithmenos
  1321 | D        | Killed a hornet
  1321 | D        | Reached XP level 9. HP: 43/43 MP: 14/24
  1324 | D        | Killed a yaktaur
  1336 | D        | Noticed a death drake
  1345 | D        | Noticed a kraken
  1567 | D        | Killed a kraken
  1567 | D        | Reached ** piety under Dithmenos
  1567 | D        | Reached skill level 5 in Fighting
  1567 | D        | Reached skill level 10 in Short Blades
  1567 | D        | Reached skill level 5 in Armour
  1567 | D        | Reached skill level 15 in Stealth
  1567 | D        | Reached XP level 10. HP: 49/49 MP: 14/26
  1659 | D        | Noticed an ice statue
  1686 | D        | Noticed a deep troll
  1687 | D        | Noticed a deep troll
  1704 | D        | Slain by a deep troll

Vault maps used:
D:        the_violet_keep_of_menkaure

Skill      XL: |  1  2  3  4  5  6  7  8  9 |
---------------+----------------------------+-----
Fighting       | 1 2 3 4 5 |  5.7
Short Blades   | 4 5 6 7 8 9 10 | 10.9
Armour         | 1 2 3 4 5 |  5.3
Dodging        | 5 7 8 9 11 12 13 | 13.9
Stealth        | 7 8 9 10 12 13 15 | 15.1
Spellcasting   | 5 6 7 8 9 10 11 | 11.9
Hexes          | 4 5 6 7 8 9 |  9.1
Shields        | 2 3 |  3.4
Invocations    | 2 3 |  3.8

Action                   |  1- 3 |  4- 6 |  7- 9 | 10-12 || total
-------------------------+-------+-------+-------+-------++-------
Melee: Dagger            |     8 |    54 |    23 |     5 ||    90
 Cast: Corona            |       |     2 |       |     1 ||     3
       Ensorcelled Hiber |       |     5 |    24 |     8 ||    37
       Dazzling Spray    |       |       |     6 |       ||     6
       Confuse           |       |       |     2 |       ||     2
  Use: Potion            |     1 |     1 |       |       ||     2
       Scroll            |       |       |     6 |       ||     6
 Stab: Sleeping          |       |     5 |     9 |     3 ||    17
       Confused          |       |       |     2 |       ||     2
       Invisible         |       |       |     3 |       ||     3
Dodge: Dodged            |     3 |    36 |    20 |     7 ||    66
Block: Buckler           |       |       |     6 |     1 ||     7
